 Dungeon Crawl Stone Soup version 0.20.0-4-g10b340a (webtiles) character file.

375 NoNouf the Cudgeler (level 6, -4/37 HPs)
             Began as a Gargoyle Fighter on May 26, 2017.
             Slain by Blork the orc
             ... wielding a +2 long sword of electrocution
              (8 damage)
             ... on level 5 of the Dungeon on May 27, 2017.
             The game lasted 00:42:47 (2586 turns).

NoNouf the Cudgeler (Gargoyle Fighter)              Turns: 2586, Time: 00:42:47

Health: -4/37      AC:  0    Str: 21    XL:     6   Next: 72%
Magic:  6/6        EV: 17    Int: 13    God:
Gold:   93         SH:  0    Dex: 15    Spells: 5/5 levels left

rFire    . . .     SeeInvis .   (weapon currently unavailable)
rCold    . . .     Gourm    .   (shield currently unavailable)
rNeg     + . .     Faith    .   (armour currently unavailable)
rPois    ∞         Spirit   .   (helmet currently unavailable)
rElec    .         Reflect  .   (cloak currently unavailable)
rCorr    .         Harm     .   (gloves currently unavailable)
MR       .....                  (boots currently unavailable)
Stlth    +.........             (no amulet)
Regen    0.2/turn               (ring currently unavailable)
MPRegen  0.1/turn               (ring currently unavailable)

@: brilliant, about to teleport, bat-form (expiring), flying, very quick
A: negative energy resistance 1, petrification resistance, rot immunity, AC +4
a: no special abilities


You were on level 5 of the Dungeon.
You were not hungry.
You were in bat-form.
You visited 1 branch of the dungeon, and saw 5 of its levels.

You collected 93 gold pieces.

Inventory:

Hand Weapons
 a - a +0 flail (melded)
 e - a +0 hunting sling
 n - a +0 battleaxe of venom
Armour
 b - a +0 scale mail (melded)
 c - a +0 shield (melded)
 i - a +0 helmet (melded)
 u - a +0 cloak
 v - a +2 leather armour of magic resistance
Jewellery
 h - a +2 ring of slaying {unknown}
 q - an uncursed amulet of faith
Scrolls
 d - a scroll of identify
 j - a scroll of amnesia
 m - a scroll of fear {unknown}
 s - a scroll of recharging {unknown}
 t - a scroll of teleportation
Potions
 l - a potion of curing
Books
 o - a book of Misfortune

   Spells                             Type                      Level
   a - Confusing Touch                Hexes                        1
   b - Confuse                        Hexes                        3
   c - Gell's Gravitas                Translocation                3
   d - Petrify                        Transmutation/Earth          4
   e - Metabolic Englaciation         Hexes/Ice                    5
   f - Yara's Violent Unravelling     Hexes/Transmutation          5
Comestibles
 f - 3 bread rations
 g - 3 chunks of flesh
 k - a meat ration


   Skills:
 - Level 3.3 Fighting
 * Level 5.6 Maces & Flails
 + Level 5.3 Armour
 - Level 3.4 Shields


You had 5 spell levels left.
You didn't know any spells.

Dungeon Overview and Level Annotations

Branches:
Dungeon (5/15)
 Temple: D:4-7

Altars:

Annotations:
D:4 Sigmund
D:5 Blork the orc


Innate Abilities, Weirdness & Mutations

You are resistant to torment.
((Your stone body is resilient. (AC +4)))
You are immune to poison.
You resist negative energy. (rN+)
((You are resistant to electric shocks. (rElec)))
((You can survive without breathing.))
You are immune to petrification.
You are immune to rotting.


Message History

Blork the orc zaps a wand.
You fly downwards.
There is a stone staircase leading up here.
You hit Blork the orc but do no damage. Blork the orc barely misses you.
You barely miss Blork the orc. You hit Blork the orc but do no damage.
Blork the orc hits you with a long sword of electrocution!
* * * LOW HITPOINT WARNING * * *
You completely miss Blork the orc. Blork the orc misses you.
As you read the scroll labeled ITORPH RUSO, it crumbles to dust.
It is a scroll of amnesia.
You feel forgetful for a moment.
Blork the orc hits you with a long sword of electrocution!
* * * LOW HITPOINT WARNING * * *
As you read the scroll labeled DIS LOINUCVE, it crumbles to dust.
You feel strangely unstable.
It was a scroll of teleportation.
Your transformation is almost over.
You can't go down here!
Blork the orc hits you with a long sword of electrocution!
You die...

###
#b#
#o#
#.#
#.#
#.#
#.#
#.#
#.#


You could see Blork the orc.

Vanquished Creatures
  Duvessa (D:4)
  Dowan (D:4)
  An orc wizard (D:2)
  A centaur skeleton (D:4)
  Crazy Yiuf (D:4)
  2 worker ants (D:4)
  3 adders (D:2)
  2 oozes
  A worm (D:3)
  2 leopard geckos (D:2)
  2 orcs (D:2)
  2 giant cockroaches (D:2)
  4 hobgoblins
  7 kobolds
  A quokka (D:4)
  A ball python (D:1)
  4 bats
  6 frilled lizards
  8 goblins
  12 rats
  2 fungi (D:4)
64 creatures vanquished.

Vanquished Creatures (others)
  A hobgoblin (D:3)
1 creature vanquished.

Grand Total: 65 creatures vanquished

Notes
Turn   | Place    | Note
-------+----------+-------------------------------------------
     0 | D:1      | NoNouf the Gargoyle Fighter began the quest for the Orb.
     0 | D:1      | Reached XP level 1. HP: 14/14 MP: 1/1
   127 | D:1      | Reached XP level 2. HP: 19/19 MP: 2/2
   617 | D:2      | Reached XP level 3. HP: 15/23 MP: 3/3
   903 | D:2      | Reached XP level 4. HP: 19/28 MP: 4/4
  1171 | D:2      | Upgraded the game from 0.20.0-1-g1cb1d84 to 0.20.0-4-g10b340a
  1437 | D:3      | Reached XP level 5. HP: 32/32 MP: 5/5
  1762 | D:5      | Entered Level 5 of the Dungeon
  1762 | D:5      | Noticed Blork the orc
  1813 | D:4      | Found a runed door.
  1821 | D:4      | Noticed Crazy Yiuf
  1833 | D:4      | Killed Crazy Yiuf
  2074 | D:4      | Noticed Duvessa
  2075 | D:4      | Noticed Dowan
  2130 | D:4      | Killed Duvessa
  2130 | D:4      | Reached skill level 5 in Maces & Flails
  2130 | D:4      | Reached skill level 5 in Armour
  2130 | D:4      | Reached XP level 6. HP: 15/37 MP: 6/6
  2380 | D:4      | Killed Dowan
  2485 | D:4      | Noticed Sigmund
  2586 | D:5      | Slain by Blork the orc

Skill      XL: |  1  2  3  4  5 |
---------------+----------------+-----
Maces & Flails | 3 4 5 |  5.6
Armour         | 4 5 |  5.3
Fighting       | |  3.3
Shields        | |  3.4

Action                   |  1- 3 |  4- 6 || total
-------------------------+-------+-------++-------
Melee: Flail             |   132 |   188 ||   320
       Unarmed           |       |     5 ||     5
  Use: Scroll            |       |     4 ||     4
       Potion            |       |     4 ||     4
  Eat: Chunk             |       |     6 ||     6
Armor: Scale mail        |    65 |    69 ||   134
Dodge: Dodged            |    27 |    61 ||    88
Block: Shield            |    60 |    78 ||   138
